 Dungeon Crawl Stone Soup version 0.30-a0-800-g7c544603b3 (webtiles) character file.

Game seed: 543203106909506104

79 xian the Gusty (level 4, -1/30 HPs)
             Began as a Demonspawn Air Elementalist on Feb 21, 2023.
             Slain by an orc warrior
             ... wielding a +0 scimitar
              (13 damage)
             ... on level 6 of the Dungeon.
             The game lasted 00:04:58 (2385 turns).

xian the Gusty (Demonspawn Air Elementalist)        Turns: 2385, Time: 00:04:59

Health: -1/30      AC:  2    Str:  9    XL:     4   Next: 17%
Magic:  15/17      EV: 12    Int: 18    God:
Gold:   160        SH:  0    Dex: 13    Spells: 7/8 levels left

rFire   + . .      SeeInvis .    f - staff of conjuration
rCold   . . .      Faith    .    (no shield)
rNeg    . . .      Spirit   .    a - +0 robe
rPois   .          Reflect  .    (helmet restricted)
rElec   .          Harm     .    (no cloak)
rCorr   .          Rampage  .    (no gloves)
Will    .....                    (no boots)
Stlth   ++                       (no amulet)
HPRegen 0.25/turn                l - ring of protection from fire
MPRegen 0.15/turn                p - ring of magical power

@: lethally poisoned (-1 -> -4)
A: horns 1, weakness stinger 1, demonic touch 1
a: no special abilities


You were on level 6 of the Dungeon.
You visited 1 branch of the dungeon, and saw 5 of its levels.

You collected 160 gold pieces.

Inventory:

Hand Weapons
 r - a +1 dagger of venom
Armour
 a - a +0 robe (worn)
 g - a +1 ring mail of poison resistance
Magical Staves
 f - a staff of conjuration (weapon)
Jewellery
 l - a ring of protection from fire (left hand)
 m - an amulet of faith
 p - a ring of magical power (right hand)
Wands
 o - a wand of paralysis (7)
Scrolls
 i - a scroll of enchant armour {unknown}
 j - 2 scrolls of identify {unknown}
 k - a scroll of enchant weapon {unknown}
 n - 2 scrolls of magic mapping {unknown}
Potions
 b - a potion of magic
 c - 2 potions of curing {unknown}
 d - a potion of attraction {unknown}
 e - a potion of brilliance {unknown}
 h - 2 potions of heal wounds {unknown}
 q - a potion of haste {unknown}


   Skills:
 + Level 2.0 Dodging
 + Level 2.1 Stealth
 + Level 2.9 Spellcasting
 + Level 2.1 Conjurations
 + Level 3.2 Air Magic


You had 7 spell levels left.
You knew the following spells:

 Your Spells              Type           Power      Damage    Failure   Level
a - Shock                 Conj/Air       72%        1d7       5%          1

Your spell library contained the following spells:

 Spells                   Type           Power      Damage    Failure   Level
 Static Discharge         Conj/Air       36%        2-4/arc   9%          2
 Swiftness                Air            14%        N/A       13%         3
 Airstrike                Air            7%         2d(1-17)  41%         4
 Gell's Gravitas          Tloc           2%         N/A       45%         3
 Teleport Other           Tloc           2%         N/A       45%         3
 Dispersal                Tloc           1%         N/A       100%        6


Dungeon Overview and Level Annotations

Branches:
Dungeon (7/15)
 Temple: D:4-7

Altars:
Hepliaklqana
Qazlal

Shops:
D:1 (


Innate Abilities, Weirdness & Mutations

You have a pair of small horns on your head.
You have a small tail.
Your touch may inflict minor irresistible damage on your foes.


Message History

The adder attacks as you move away! The adder misses you.
You feel sick. The adder attacks as you move away!
The adder closely misses you.
You feel sick.
You feel sick.
You are no longer poisoned.
The adder closely misses you.
Found 6 stones.
There is a stone staircase leading down here.
The adder bites you but does no damage.
You climb downwards.
The bullfrog gives a loud, deep croak!
The iguana hisses angrily.
Found a book of Spatial Translocations and 4 gold pieces.
There is a stone staircase leading up here.
The adder barely misses you.
You climb upwards.
There is a stone staircase leading down here.
The adder misses you.
You see here a +0 club.
The adder attacks as you move away! The adder bites you.
Found a glowing puce potion.
The adder attacks as you move away! The adder bites you. x2
You are too injured to fight recklessly!
Aiming: Shock (safe; 5% risk of failure)
Press: ? - help, Q - select action, (/) - cycle Shift-Dir - straight line, f - adder
Aim: an adder (53% to hit)
You feel a surge of power!
The zap misses the adder.
The zap hits the orc warrior.
The orc warrior is heavily wounded.
The adder bites you.
You are poisoned.
The adder poisons you!
Aiming: Shock (safe; 5% risk of failure)
Press: ? - help, Q - select action, (/) - cycle Shift-Dir - straight line, f - orc warrior, p - adder
Aim: an orc warrior, wielding a +0 scimitar and wearing a +0 plate armour (heavily wounded, 71% to hit)
You feel a surge of power!
The zap hits the orc warrior but does no damage.
The orc warrior is heavily wounded.
You feel sick. The adder closely misses you.
The orc warrior hits you with a +0 scimitar!
You die...

.. . ...
..##############...
..................
................#
......(.o.....#
.......@S.)...#.#
.!#########>....#
#.##### #.# #.#
#########'###
#...........#
#...........#
#.....o.....#


You could see an orc warrior and an adder.

Vanquished Creatures
  2 adders (D:2)
  3 dart slugs
  An orc (D:6)
  3 endoplasms (D:2)
  A giant cockroach (D:3)
  8 goblins
  7 hobgoblins
  3 jackals (D:2)
  A quokka (D:3)
  4 ball pythons
  5 bats
  4 frilled lizards
  5 kobolds
  2 rats
49 creatures vanquished.

Notes
Turn   | Place    | Note
-------+----------+-------------------------------------------
     0 | D:1      | xian the Demonspawn Air Elementalist began the quest for
                  | the Orb.
     0 | D:1      | Reached XP level 1. HP: 13/13 MP: 3/3
   175 | D:1      | Found Yzeili Joso's Weapon Emporium.
   290 | D:1      | Discovered your monstrous ancestry.
   290 | D:1      | Gained mutation: Your touch may inflict minor irresistible
                  | damage on your foes. [demonic ancestry]
   290 | D:1      | Reached XP level 2. HP: 19/19 MP: 1/5
   507 | D:1      | Reached skill level 3 in Air Magic
  1017 | D:2      | Found a faded altar of an unknown god.
  1046 | D:2      | Gained mutation: You have a pair of small horns on your
                  | head. [demonic ancestry]
  1046 | D:2      | Reached XP level 3. HP: 23/24 MP: 0/6
  1985 | D:3      | Gained mutation: You have a small tail. [demonic ancestry]
  1985 | D:3      | Reached XP level 4. HP: 30/30 MP: 4/8
  2328 | D:3      | You fall into a shaft and drop 3 floors!
  2328 | D:6      | Found a hazy altar of Hepliaklqana.
  2338 | D:6      | Found a stormy altar of Qazlal.
  2339 | D:6      | Noticed an orc warrior
  2377 | D:7      | Noticed an ice beast
  2377 | D:7      | Noticed a bullfrog
  2385 | D:6      | Slain by an orc warrior

Illustrated notes

Levels and vault maps discovered:
D:1:      minmay_arrival_doors, layout_loops_ring, serial_shops,
          nicolae_shop_temple_entry_statues_fountains
D:2:      layout_basic, ebering_ecumenical_altar_sacrificial,
          guppyfry_early_lair_pool
D:3:      minmay_spotlight, layout_basic, mainiacjoe_overflow_small_starburst
D:6:      layout_basic, mainiacjoe_overflow_cross_hatched, lemuel_crystal_altar,
          gammafunk_ghost_abyssal_escape
D:7:      layout_loops_ring, nicolae_fountain_basement

Skill      XL: |  1  2  3 |
---------------+----------+-----
Dodging        | 2 |  2.0
Air Magic      | 3 |  3.2
Stealth        | 2 |  2.1
Conjurations   | 2 |  2.1
Spellcasting   | |  2.9

Action                     |  1- 3 |  4- 6 || total
---------------------------+-------+-------++-------
  Melee: Unarmed           |     3 |       ||     3
         Staff             |     5 |     2 ||     7
         Touch             |     1 |       ||     1
   Cast: Shock             |    72 |    19 ||    91
 Armour: Robe              |       |     3 ||     3
  Dodge: Dodged            |    10 |    11 ||    21

Table legend: (Time is in decaauts)
 A = Elapsed time spent in this place.
 B = Non-inter-level travel time spent in this place.
 C = Inter-level travel time spent in this place.
 D = Time resting spent in this place.
 E = Time spent auto-exploring this place.
 F = Levels seen in this place.
 G = Mean time per level.
                   A        B        C        D        E       F      G
               +--------+--------+--------+--------+--------+-----+--------+
         Total |   2384 |   2354 |     30 |      0 |   2054 |   5 |  476.8 |
       Dungeon |   2384 |   2354 |     30 |      0 |   2054 |   5 |  476.8 |
               +--------+--------+--------+--------+--------+-----+--------+

Top non-repeatable levels by time:
     D:2: 1010 daAuts
     D:1: 902 daAuts
     D:3: 414 daAuts
     D:6: 55 daAuts
     D:7: 1 daAuts
